Map: Stasis LE

Players

Trizztein

  • Race: Terran Terran
  • Spawn Location: 11:00

A.I. 1 (Very Easy) - Winner!

  • Race: Protoss Protoss
  • Spawn Location: 1:00

VOD

Have the link to the VOD?

Description

Armory expand into quick DC, queued up right after starting starport (around 3:15). WM drop hits around 5:00 with DC lining up decently (earlier drop than version with thor push follow-up)

Alternative to thor play if protoss goes for either robo or twilight (replace tanks by thors if air play from the toss). Tanks fare better against them, esp. if EMPed.

Early bunker for defense. Scout with marine for proxy play. Quick enough siege tank (starts at 4:15 right after loading medivac).

We incorporated a decently fast ebay in case of DTs.

Could incorporate some more scouting, perhaps multi prong with marine just to distract protoss during the drop.

THE PUSH ITSELF

Highly sophisticated 7:00 +1 attack push with a ghost, some hellbats (could be replaced by pure widow mines though), mines, marines if you re down for it, SCVs to build stuff ... sky is the limit in micro potential, but the most basic commands to queue are ...

1. Morph hellbats
2. EMP his ass
3. Siege the tanks
4. Burrow the mines

HOW THE BUILD ACCOUNTS/ADAPTS TO VARIOUS PROTOSS BO

VS cannon rush: it's a gas first, so the quick access to factory should allow you to get fastest possible cyclone which is hard counter to it.
VS DTs: 4:15 ebay will allow to put down the turrets as soon as the shades are spotted if they come.
VS oracle opener: second widow mine should be burrowed in main by 3:45, so you should be protected against it.
VS proxy gate: bunker accounts totally for it (finishes before 2:30).
VS proxy robo: big weakness here. Scout for it with first marine. Cancel armory, get tech lab for tank, add bunker, get starport for viking ASAP.
VS proxy stargate tempest: other weakness. Scout for it with marine. Finish armory and start thors ASAP.
VS blink stalker heavy opener: Tanks are safe behind bunker. Repair bunker quickly when attacked. The tricky part is when moving out: it all comes down to managing to get an EMP down on the mass of stalkers so he can't just keep doing hit-and-run while chipping away your army without losing any stalker in the process. Also he gets the option to try to basetrade with a headstart. Prepare to pull SCVs to repair that bunker and hold it!

Time

  • Played on: Dec. 6, 2018, 6:37 p.m.
  • Length: 7:47
Show
View Real Time Build Order
Export as new Build Order

Trizztein Terran 

Build Orders: Mech 

Get SALT Encoding   

  12  0:01  SCV  
  13  0:13  SCV  
  14  0:17  Supply Depot  
  14  0:25  SCV  
  15  0:31  Refinery  
  15  0:39  SCV  
  16  0:46  Barracks  
  16  0:51  SCV  
  17  1:03  SCV  
  18  1:15  SCV  
  20  1:34  Orbital Command  
  20  1:36  Factory, Marine  
  20  1:50  Supply Depot  
  20  1:55  Marine  
  20  1:57  Bunker  
  20  2:00  SCV  
  22  2:12  SCV, Marine  
  26  2:22  Widow Mine  
  26  2:24  Armory  
  26  2:31  SCV  
  27  2:39  Command Center  
  27  2:44  Refinery  
  27  2:45  SCV  
  28  2:55  Supply Depot  
  28  2:56  Barracks Tech Lab  
  28  2:58  SCV  
  29  3:06  Starport  
  29  3:10  SCV  
  30  3:21  Drilling Claws  
  30  3:22  SCV  
  30  3:26  Widow Mine  
  33  3:34  SCV  
  34  3:43  Medivac  
  36  3:49  SCV  
  36  3:52  Widow Mine  
  39  3:55  Refinery  
  39  3:56  Orbital Command  
  39  4:00  Refinery  
  39  4:01  SCV  
  40  4:05  Supply Depot  
  40  4:13  SCV  
  40  4:16  Engineering Bay  
  41  4:17  Siege Tank  
  44  4:27  SCV x2  
  46  4:34  Barracks Tech Lab  
  46  4:39  SCV x2, Factory  
  46  4:45  Starport Reactor  
  48  4:51  SCV x2  
  48  4:52  Factory  
  50  5:03  SCV  
  50  5:05  Terran Vehicle Weapons Level 1  
  51  5:08  Ghost Academy  
  51  5:09  SCV  
  51  5:14  Siege Tank  
  55  5:15  Barracks Tech Lab, SCV  
  56  5:21  SCV, Supply Depot  
  56  5:26  Supply Depot  
  56  5:28  SCV  
  58  5:33  SCV  
  59  5:38  Siege Tank  
  62  5:43  Hellion, SCV  
  62  5:45  Widow Mine, SCV  
  62  5:48  Supply Depot  
  68  5:52  Liberator, Supply Depot  
  68  5:55  SCV  
  69  5:58  Siege Tank  
  69  6:02  Ghost  
  77  6:12  Siege Tank  
  77  6:14  Hellion  
  77  6:17  Hellion  
  84  6:22  Supply Depot  
  84  6:24  Supply Depot  
  84  6:30  SCV  
  84  6:31  Hellion  
  87  6:39  Hellion x2  
  91  6:49  Ghost  
  91  6:51  Supply Depot  
  91  6:52  Hellion, Supply Depot  
  91  6:53  Hellion  
  97  6:56  SCV  
  97  6:57  SCV  
  99  7:06  Hellion x2  
  103  7:08  SCV  
  103  7:09  SCV  
  105  7:24  Command Center  
  105  7:37  Supply Depot, Starport Reactor  
  105  7:40  Supply Depot  
Show
View Real Time Build Order
Export as new Build Order

A.I. 1 (Very Easy) Protoss - Winner!

Build Orders:  

Get SALT Encoding   

  12  0:00  Probe  
  13  0:13  Probe  
  14  0:21  Pylon  
  14  0:36  Assimilator  
  14  0:44  Gateway  
  14  0:47  Pylon  
  14  1:15  Assimilator  
  14  1:23  Zealot  
  14  1:24  Probe  
  14  1:32  Probe  
  17  1:34  Cybernetics Core  
  18  1:42  Probe  
  19  1:54  Probe  
  19  2:00  Warp Gate  
  20  2:02  Probe  
  21  2:10  Probe  
  22  2:38  Stalker  
  24  4:13  Probe  
  24  4:59  Probe  
  18  5:07  Probe  
  19  5:15  Probe  
  20  5:26  Probe  
  21  5:38  Probe  
  22  5:50  Probe  
  23  6:01  Probe  
  24  7:00  Adept, Probe  
  27  7:02  Pylon  
  27  7:04  Robotics Facility  
  27  7:11  Nexus  
  27  7:12  Probe  
  24  7:23  Probe  
  23  7:31  Probe  
  24  7:41  Pylon  
Tags
 
Composition
Mech
Matchup
PvT
Spawn Locations
Close Positions
Add a new tag
Caveats
  • Supply blocks, unpowered buildings, or Contaminate may cause inaccurate times.
  • Supply counts are checked every 10 seconds.